 Dungeon Crawl Stone Soup version 0.24.0-29-g8ce449bc06 (webtiles) character file.

Game seed: 7113802540596350227, levelgen mode: deterministic

13535 Bombadil the Destroyer (level 12, -7/64 HPs)
             Began as a Tengu Wizard on Nov 15, 2019.
             Was an Elder of Vehumet.
             Mangled by a spiny frog (15 damage)
             ... on level 1 of the Lair of Beasts on Nov 16, 2019.
             The game lasted 01:15:33 (19108 turns).

Bombadil the Destroyer (Tengu Wizard)              Turns: 19108, Time: 01:15:34

Health: -7/64      AC:  6    Str:  8    XL:     12   Next: 7%
Magic:  14/28      EV: 15    Int: 23    God:    Vehumet [****..]
Gold:   538        SH:  0    Dex: 20    Spells: 18/34 levels left

rFire    . . .     SeeInvis .   U - +4 demon trident (venom)
rCold    . . .     Gourm    .   (no shield)
rNeg     . . .     Faith    .   z - +1 ring mail {rPois}
rPois    +         Spirit   .   b - +0 hat
rElec    +         Reflect  .   (no cloak)
rCorr    .         Harm     .   (no gloves)
MR       .....                  (boots unavailable)
Stlth    +++.......             w - amulet of rage
HPRegen  0.20/turn              v - +4 ring of dexterity
MPRegen  0.21/turn              N - +3 ring of dexterity

@: flying quickly and evasively, quick
A: beak, talons 3, electricity resistance, wild magic 1, able to fly
a: Stop Flying, Renounce Religion, Evoke Berserk Rage


You were on level 1 of the Lair of Beasts.
You worshipped Vehumet.
Vehumet was greatly pleased with you.
You were not hungry.

You visited 3 branches of the dungeon, and saw 14 of its levels.

You collected 772 gold pieces.
You spent 234 gold pieces at shops.

Inventory:

Hand Weapons
 g - a +0 whip
 C - a +2 dagger of flaming
 U - a +4 demon trident of venom (weapon)
Missiles
 Q - 6 atropa-tipped darts (quivered)
Armour
 a - a +0 robe
 b - a +0 hat (worn)
 z - a +1 ring mail of poison resistance (worn)
 G - the +2 ring mail of the Empire {rF+ rC- rN+}
   (You bought it in a shop on level 7 of the Dungeon)

   It protects you from fire.
   It makes you vulnerable to cold.
   It protects you from negative energy.
 K - a +0 troll leather armour
 O - a +3 ring mail
Jewellery
 v - a +4 ring of dexterity (left hand)
 w - an amulet of rage (around neck)
 A - an uncursed ring of ice
 E - an uncursed ring of wizardry
 F - an uncursed ring of protection from fire
 N - a +3 ring of dexterity (right hand)
Wands
 t - a wand of flame (26)
 x - a wand of enslavement (16)
 y - a wand of digging (5)
 S - a wand of polymorph (3)
 T - a wand of disintegration (9)
Scrolls
 h - a scroll of fear
 i - 2 scrolls of amnesia
 j - 8 scrolls of remove curse
 k - 2 scrolls of enchant weapon
 n - 5 scrolls of teleportation
 r - 2 scrolls of holy word
 u - 3 scrolls of fog
 D - 3 scrolls of magic mapping
 H - a scroll of enchant armour
 J - 2 scrolls of blinking
 L - a scroll of vulnerability {unknown}
 M - a scroll of noise {unknown}
Potions
 c - 4 potions of flight
 e - a potion of haste
 f - 3 potions of agility
 l - 4 potions of curing
 m - 3 potions of mutation
 o - a potion of brilliance
 p - 2 potions of lignification
 q - 2 potions of berserk rage
 s - 4 potions of heal wounds
 B - 3 potions of might
 I - 2 potions of ambrosia
Comestibles
 d - 19 rations
 P - 4 chunks of flesh


   Skills:
 + Level 3.3 Fighting
 + Level 3.3 Maces & Flails
 + Level 0.3 Polearms
 + Level 4.1 Armour
 + Level 4.5 Dodging
 + Level 5.3 Stealth
 + Level 1.0 Unarmed Combat
 + Level 11.7 Spellcasting
 + Level 13.2 Conjurations
 + Level 0.9 Hexes
   Level 1.2 Summonings
 + Level 1.2 Translocations
 + Level 3.5 Fire Magic
 + Level 1.2 Air Magic
 + Level 1.6 Poison Magic
 + Level 0.1 Evocations


You had 18 spell levels left.
You knew the following spells:

 Your Spells              Type           Power        Failure   Level  Hunger
a - Magic Dart            Conj           ####         1%          1    None
b - Blink                 Tloc           N/A          17%         2    None
c - Conjure Flame         Conj/Fire      ######..     1%          3    None
d - Mephitic Cloud        Conj/Pois/Air  #####...     1%          3    None
e - Iskenderun's Mystic   Conj           #######.     1%          4    None
f - Inner Flame           Hex/Fire       ####....     6%          3    None

Your spell library contained the following spells:

 Spells                   Type           Power        Failure   Level  Hunger
 Throw Icicle             Conj/Ice       ######..     3%          4    None
 Searing Ray              Conj           ######       1%          2    None
 Dazzling Spray           Conj/Hex       ######       1%          3    None
 Force Lance              Conj/Tloc      ######..     3%          4    None
 Fulminant Prism          Conj/Hex       ######....   3%          4    None
 Call Imp                 Summ           ###.....     17%         2    None
 Animate Skeleton         Necr           N/A          19%         1    None
 Slow                     Hex            ###.....     19%         2    None


Dungeon Overview and Level Annotations

Branches:
Dungeon (12/15)            Temple (1/1) D:6            Lair (1/6) D:9
    Orc (0/2) D:9

Altars:
Ashenzari
Cheibriados
Dithmenos
Elyvilon
Fedhas
Gozag
Hepliaklqana
Kikubaaqudgha
Makhleb
Nemelex Xobeh
Okawaru
Qazlal
Ru
Sif Muna
Trog
Uskayaw
Vehumet
Wu Jian
Xom
Yredelemnul
Zin
The Shining One
Beogh

Shops:
D:7 [(%   D:9 (

Annotations:
D:3 1 exclusion
D:5 1 runed translucent door, Delamore's ghost, novice HOFi
D:9 3 runed translucent doors, zxcv's ghost, novice DEFE
D:11 3 runed translucent doors, flestrin's ghost, novice DEWz
D:12 Fannar
Lair:1 3 runed translucent doors, exclusion: oklob plant, Emblim88's ghost, journeyman DDNe


Innate Abilities, Weirdness & Mutations

You have a beak for a mouth.
You have claws for feet.
You can fly continuously.
You are resistant to electric shocks. (rElec)
Your spells are a little harder to cast, but a little more powerful.


Message History

The orb of energy hits the spiny frog.
The spiny frog is severely wounded.
The orb of energy explodes!
The spiny frog stings you!
* * * LOW HITPOINT WARNING * * *
You are lethally poisoned!
The spiny frog poisons you! The spiny frog closely misses you.
The spiny frog stings you.
* * * LOW HITPOINT WARNING * * *
Unknown command.
Casting: Iskenderun's Mystic Blast (safe; 1% risk of failure)
Confirm with . or Enter, or press ? or * to list all spells.
Aiming: Iskenderun's Mystic Blast (safe; 1% risk of failure)
Press: ? - help, Shift-Dir - straight line, f/p - spiny frog
Aim: a spiny frog (heavily wounded)
Okay, then.
Unknown command.
Unknown command.
Unknown command.
You feel better. The spiny frog barely misses you. The spiny frog stings you!
You die...

#######
#PPPP.####
######
#PPP.?)S†F@#
#.#.##
PPP[....†F##
##....
PP..P.....##
#....
..P.PPP...P##
####.


.PPPPPPP..P.# #P ..PPPPPPP.P## ## ..PPPPPPP.P# # .PPPPPP.P. ### #
.SPPPP...P###########.### You could see 2 spiny frogs and an adder.

Vanquished Creatures
  2 hydras
  A two-headed ogre (D:9)
  Urug (D:10)
  A deep elf mage (D:12)
  A cyclops (D:11)
  2 black mambas (Lair:1)
  A centaur skeleton (D:12)
  A komodo dragon (D:11)
  A troll (D:9)
  2 hornets (Lair:1)
  A hippogriff (Lair:1)
  Sigmund (D:2)
  2 shadows (D:11)
  2 wraiths
  A wyvern (D:9)
  4 yaks (D:10)
  3 hungry ghosts
  2 water moccasins
  6 orc warriors
  2 sky beasts (D:8)
  2 porcupines (D:9)
  3 phantoms
  A necrophage (D:10)
  7 centaurs
  5 ogres
  A big kobold (D:9)
  10 bullfrogs
  5 scorpions
  A water moccasin skeleton (D:6)
  10 killer bees
  8 wights
  5 howler monkeys
  5 crimson imps
  A centaur zombie (D:7)
  A gnoll shaman (D:5)
  A bullfrog skeleton (D:10)
  3 jellies
  3 hounds
  9 orc priests
  Ijyb (D:5)
  Terence (D:2)
  2 iguanas (D:9)
  10 worker ants
  10 orc wizards
  A killer bee zombie (D:8)
  A howler monkey zombie (D:8)
  Robin (D:4)
  16 gnolls
  2 worker ant zombies
  20 adders
  2 oozes
  2 adder skeletons
  5 worms
  3 dart slugs
  6 leopard geckos
  36 orcs
  7 giant cockroaches
  17 goblins
  15 hobgoblins
  19 jackals
  12 kobolds
  4 quokkas
  3 ball pythons
  12 bats
  7 frilled lizards
  2 jackal skeletons
  3 jackal zombies
  A leopard gecko skeleton (D:5)
  A quokka skeleton (D:5)
  11 rats
  A plant (Lair:1)
352 creatures vanquished.

Vanquished Creatures (others)
  3 fungi
  3 plants (Lair:1)
  2 withered plants (D:5)
8 creatures vanquished.

Grand Total: 360 creatures vanquished

Notes
Turn   | Place    | Note
-------+----------+-------------------------------------------
     0 | D:1      | Bombadil the Tengu Wizard began the quest for the Orb.
     0 | D:1      | Reached XP level 1. HP: 10/10 MP: 5/5
   558 | D:1      | Reached XP level 2. HP: 14/15 MP: 0/7
   648 | D:1      | Learned a level 2 spell: Blink
  1153 | D:1      | Reached XP level 3. HP: 4/19 MP: 2/9
  1310 | D:1      | Learned a level 3 spell: Conjure Flame
  1314 | D:1      | Learned a level 3 spell: Mephitic Cloud
  1674 | D:2      | Reached skill level 1 in Maces & Flails
  1953 | D:2      | Found a blossoming altar of Fedhas.
  2024 | D:2      | Reached skill level 2 in Conjurations
  2282 | D:2      | Reached XP level 4. HP: 12/24 MP: 1/10
  2568 | D:2      | Found a burning altar of Makhleb.
  2573 | D:2      | Noticed Sigmund
  2587 | D:2      | Killed Sigmund
  2587 | D:2      | Reached skill level 1 in Fighting
  2587 | D:2      | Reached skill level 3 in Conjurations
  2587 | D:2      | Gained mutation: You can fly continuously. [Tengu growth]
  2587 | D:2      | Reached XP level 5. HP: 17/29 MP: 4/12
  2587 | D:2      | Reached XP level 6. HP: 20/34 MP: 4/13
  3214 | D:4      | Reached skill level 4 in Conjurations
  3217 | D:4      | Noticed an orc warrior
  3554 | D:3      | Noticed a moth of wrath
  3557 | D:3      | Found a bloodstained altar of Trog.
  4154 | D:3      | You are sucked into a shaft and drop 1 floor!
  4285 | D:4      | Noticed Robin
  4939 | D:5      | Entered Level 5 of the Dungeon
  4965 | D:5      | Reached skill level 5 in Conjurations
  5085 | D:5      | Reached skill level 5 in Spellcasting
  5085 | D:5      | Reached XP level 7. HP: 32/38 MP: 5/15
  5187 | D:5      | Reached skill level 6 in Conjurations
  5203 | D:5      | Found a white marble altar of Elyvilon.
  5209 | D:4      | Found a basalt altar of Yredelemnul.
  5829 | D:5      | Found a runed translucent door.
  5829 | D:5      | Noticed Delamore's ghost (novice HOFi)
  5872 | D:5      | Noticed Ijyb
  5935 | D:6      | Learned a level 4 spell: Iskenderun's Mystic Blast
  6131 | D:6      | Reached skill level 1 in Fire Magic
  6141 | D:6      | Reached XP level 8. HP: 39/44 MP: 4/17
  6829 | D:6      | Found a staircase to the Ecumenical Temple.
  6838 | Temple   | Entered the Ecumenical Temple
  6906 | Temple   | Became a worshipper of Vehumet
  7114 | D:6      | Reached skill level 7 in Conjurations
  7600 | D:2      | Noticed Terence
  7602 | D:2      | Killed Terence
  8533 | D:3      | Reached * piety under Vehumet
  8533 | D:3      | Offered knowledge of Sandblast by Vehumet.
  9128 | D:4      | Reached skill level 8 in Conjurations
  9245 | D:4      | Reached XP level 9. HP: 48/48 MP: 15/20
  9549 | D:4      | Killed Robin
  9896 | D:5      | Offered knowledge of Throw Flame by Vehumet.
 10137 | D:5      | Found a shimmering blue altar of Sif Muna.
 10205 | D:5      | Killed Ijyb
 10283 | D:6      | Reached ** piety under Vehumet
 10712 | D:6      | Found a shimmering blue altar of Sif Muna.
 10726 | D:6      | Identified Sif Muna's Disquisition on Unholy Arts
 11289 | D:7      | Found a shadowy altar of Dithmenos.
 11318 | D:7      | Found Wugeovoi's Food Shoppe.
 11327 | D:7      | Reached skill level 1 in Unarmed Combat
 11594 | D:7      | Reached skill level 5 in Stealth
 11666 | D:7      | Found Simorat's Weapon Shop.
 11699 | D:7      | Reached skill level 9 in Conjurations
 11847 | D:7      | Found Gegiwank's Antique Armour Shoppe.
 11858 | D:7      | Bought a faintly humming ring mail for 234 gold pieces
 11868 | D:7      | Identified the +2 ring mail of the Empire {rF+ rC- rN+}
                  | (You bought it in a shop on level 7 of the Dungeon)
 12255 | D:8      | Offered knowledge of Inner Flame by Vehumet.
 12442 | D:8      | Reached skill level 1 in Air Magic
 12733 | D:8      | Learned a level 3 spell: Inner Flame
 12740 | D:8      | Reached *** piety under Vehumet
 12740 | D:8      | Reached XP level 10. HP: 53/53 MP: 5/23
 12740 | D:8      | Reached skill level 10 in Conjurations
 12993 | D:8      | Found a glowing silver altar of Zin.
 13558 | D:9      | Reached skill level 1 in Poison Magic
 13747 | D:9      | Found a staircase to the Lair.
 13959 | D:9      | Offered knowledge of Stone Arrow by Vehumet.
 13986 | D:9      | Found a staircase to the Orcish Mines.
 13998 | D:9      | Found Ipsotec's Weapon Shop.
 14412 | D:9      | Found a runed translucent gate.
 14413 | D:9      | Found a runed translucent gate.
 14414 | D:9      | Found a roughly hewn altar of Beogh.
 14414 | D:9      | Found a runed translucent gate.
 14416 | D:9      | Noticed zxcv's ghost (novice DEFE)
 14492 | D:9      | Found the +3 hat of Pondering {ponderous, MR+ MP+10 Int+5}
 15067 | D:10     | Entered Level 10 of the Dungeon
 15110 | D:10     | Reached skill level 11 in Conjurations
 15114 | D:10     | Noticed a two-headed ogre
 15412 | D:9      | Killed a two-headed ogre
 15412 | D:9      | Reached skill level 1 in Armour
 15412 | D:9      | Reached skill level 10 in Spellcasting
 15757 | D:10     | Reached XP level 11. HP: 59/59 MP: 8/26
 16225 | D:10     | You are sucked into a shaft and drop 2 floors!
 16286 | D:12     | Noticed a five-headed hydra
 16395 | D:12     | Reached **** piety under Vehumet
 16447 | D:12     | Reached skill level 12 in Conjurations
 16692 | D:12     | Noticed Fannar
 16716 | D:12     | Noticed a five-headed hydra
 16723 | D:12     | Killed a five-headed hydra
 16864 | D:12     | Noticed a deep elf mage
 16878 | D:12     | Killed a deep elf mage
 16890 | D:11     | Noticed a cyclops
 16902 | D:11     | Noticed flestrin's ghost (novice DEWz)
 16902 | D:11     | Noticed a two-headed ogre
 16903 | D:11     | Noticed a tengu reaver
 16904 | D:11     | Noticed a two-headed ogre
 16910 | D:11     | Found a runed translucent gate.
 16910 | D:11     | Found a runed translucent gate.
 17008 | D:11     | Found a runed translucent gate.
 17078 | D:11     | Noticed a six-headed hydra
 17085 | D:11     | Killed a six-headed hydra
 17269 | D:11     | Noticed a red ugly thing
 17492 | D:10     | Offered knowledge of Throw Icicle by Vehumet.
 18146 | D:10     | Noticed Urug
 18155 | D:10     | Killed Urug
 18155 | D:10     | Reached skill level 13 in Conjurations
 18450 | D:11     | Killed a cyclops
 18450 | D:11     | Reached skill level 1 in Translocations
 18702 | D:10     | Gained mutation: You are resistant to electric shocks.
                  | (rElec) [potion of mutation]
 18702 | D:10     | Gained mutation: Your spells are a little harder to cast,
                  | but a little more powerful. [potion of mutation]
 18794 | Lair:1   | Entered Level 1 of the Lair of Beasts
 18894 | Lair:1   | Found a runed translucent gate.
 18894 | Lair:1   | Found a runed translucent gate.
 18894 | Lair:1   | Noticed Emblim88's ghost (journeyman DDNe)
 18907 | Lair:1   | Found a runed translucent gate.
 18915 | Lair:1   | Noticed an oklob plant
 19103 | Lair:1   | Reached XP level 12. HP: 49/64 MP: 24/28
 19107 | Lair:1   | HP: 2/64 [spiny frog (3)]
 19108 | Lair:1   | Mangled by a spiny frog

Levels and vault maps discovered:
D:1:      lightli_iron_boxes, layout_basic
D:2:      minmay_razor_zed, layout_loops_corners, fedhas_altar_1,
          lemuel_doored_altar, first_ration, uniq_terence, uniq_sigmund
D:3:      layout_loops_ring, tgw_trog
D:4:      layout_basic, nicolae_overflow_hidden_temple, uniq_robin
D:5:      layout_cave_pods, lemuel_coloured_pillars_altar, kennysheep_mini_moat,
          gammafunk_ghost_grave, uniq_ijyb
D:6:      layout_cave_pools, minmay_temple_entry_glass, minmay_misc_feat_roman,
          led_sif_book
D:7:      layout_basic, nicolae_dithmenos_through_a_glass_darkly, serial_shops,
          shop, shop, nicolae_shop_crystal
D:8:      layout_basic, zin_scriptorium
D:9:      layout_basic, grunt_lair_entry_orc_guard_hut, orc_david_3,
          biasface_ghost_orc_armoury
D:10:     layout_long_grid, uniq_urug
D:11:     layout_loops_cross, gammafunk_ghost_split
D:12:     layout_cave_pods, basic_altar, special_room [special_room_orc],
          uniq_fannar, uniq_snorg
Temple:   eino_narrow_crystal_temple
Lair:1:   minmay_lair_venomous_thicket, layout_cave_pods, enter_volcano_2,
          gammafunk_ghost_split

Skill      XL: |  1  2  3  4  5  6  7  8  9 10 11 |
---------------+----------------------------------+-----
Maces & Flails | 1 2 3 |  3.3
Conjurations   | 2 3 5 6 8 9 11 13 | 13.2
Fighting       | 1 2 3 |  3.3
Spellcasting   | 4 5 7 8 10 11 | 11.7
Dodging        | 3 4 |  4.5
Stealth        | 3 5 |  5.3
Fire Magic     | 1 2 3 |  3.5
Unarmed Combat | 1 |  1.0
Air Magic      | 1 |  1.2
Poison Magic   | 1 |  1.6
Armour         | 2 4 |  4.1
Translocations | 1 |  1.2
Polearms       | |  0.3
Hexes          | |  0.9
Summonings     | |  1.2
Evocations     | |  0.1

Action                   |  1- 3 |  4- 6 |  7- 9 | 10-12 || total
-------------------------+-------+-------+-------+-------++-------
Melee: Whip              |    18 |     8 |    30 |    64 ||   120
       Kick              |     3 |     4 |     9 |    22 ||    38
       Peck              |     3 |     2 |     3 |    17 ||    25
       Unarmed           |       |       |     3 |       ||     3
       Demon trident     |       |       |       |     9 ||     9
 Cast: Magic Dart        |    93 |   145 |   143 |    51 ||   432
       Conjure Flame     |     1 |     7 |    10 |    14 ||    32
       Mephitic Cloud    |       |     5 |     5 |     5 ||    15
       Blink             |       |     2 |       |     5 ||     7
       Iskenderun's Myst |       |       |   126 |   183 ||   309
       Inner Flame       |       |       |     1 |     7 ||     8
 Abil: Fly               |       |     2 |       |       ||     2
       Stop Flying       |       |     1 |       |       ||     1
Evoke: Wand              |       |       |       |     1 ||     1
  Use: Scroll            |       |     4 |    13 |     9 ||    26
       Potion            |       |     1 |       |     3 ||     4
 Stab: Sleeping          |     3 |     1 |     1 |       ||     5
  Eat: Chunk             |     4 |     9 |    32 |    21 ||    66
       Ration            |       |       |     1 |     1 ||     2
Armor: Robe              |     6 |     3 |     9 |       ||    18
       Ring mail         |       |       |       |    22 ||    22
Dodge: Dodged            |    39 |    35 |    87 |    90 ||   251
